 Dungeon Crawl Stone Soup version 0.30-a0-219-gf2db51d15e (webtiles) character file.

Game seed: 2812562024644615106

1413 KennySheep the Chiller (level 8, -9/69 HPs)
             Began as a Barachi Transmuter on Oct 8, 2022.
             Was an Elder of Ignis.
             Mangled by an ogre
             ... wielding a +0 giant spiked club
              (16 damage)
             ... on level 6 of the Dungeon.
             The game lasted 00:14:29 (5751 turns).

KennySheep the Chiller (Barachi Transmuter)         Turns: 5751, Time: 00:14:29

Health: -9/69      AC:  7    Str: 13    XL:     8   Next: 71%
Magic:  9/11       EV: 10    Int: 15    God:    Ignis [****..]
Gold:   392        SH:  0    Dex: 12    Spells: 4/11 levels left

rFire   . . .      SeeInvis .      - Unarmed
rCold   + + +      Faith    .    (shield currently unavailable)
rNeg    . . .      Spirit   .    (body armour currently unavailable)
rPois   +          Reflect  .    (helmet currently unavailable)
rElec   .          Harm     .    (cloak currently unavailable)
rCorr   .          Rampage  .    (gloves currently unavailable)
Will    .....                    (boots currently unavailable)
Stlth   +.........               (no amulet)
HPRegen 0.31/turn                q - ring of flight
MPRegen 0.12/turn                c - ring of wizardry

@: about to teleport, ice-form, flying
A: freezing attack, boosted hp, amphibious, large, (slowness 1), (strong legs
1), +LOS
a: End Transformation, Renounce Religion, Fiery Armour, Foxfire Swarm, Rising
Flame


You were on level 6 of the Dungeon.
You worshipped Ignis.
Ignis was greatly pleased with you.
You were a creature of crystalline ice.
You visited 1 branch of the dungeon, and saw 6 of its levels.

You collected 392 gold pieces.

Inventory:

Missiles
 v - a throwing net
Armour
 a - a +0 robe (melded)
Jewellery
 c - a ring of wizardry (right front paw)
 q - a ring of flight (left front paw)
Wands
 i - a wand of digging (4)
 j - a wand of acid (7)
 u - a wand of mindburst (20)
Scrolls
 d - a scroll of enchant weapon
 f - 3 scrolls of identify
 g - a scroll of enchant armour {unknown}
 m - a scroll of torment {unknown}
 n - a scroll of noise
 o - a scroll of fear {unknown}
 p - a scroll of vulnerability {unknown}
 r - a scroll of amnesia
 w - a scroll of brand weapon {unknown}
 x - a scroll of magic mapping {unknown}
Potions
 b - 5 potions of lignification
 e - 3 potions of flight
 h - 2 potions of might {unknown}
 k - a potion of heal wounds
 l - 2 potions of curing {unknown}
 t - a potion of cancellation {unknown}


   Skills:
 + Level 3.2 Fighting
 + Level 3.5 Dodging
 * Level 4.8 Unarmed Combat
 - Level 2.1 Spellcasting
 + Level 7.4 Transmutations
 + Level 7.6 Ice Magic


You had 4 spell levels left.
You knew the following spells:

 Your Spells              Type           Power      Damage    Failure   Level
a - Beastly Appendage     Tmut           48%        N/A       1%          1
b - Wereblood             Tmut           24%        N/A       1%          2
z - Ice Form              Ice/Tmut       24%        N/A       4%          4

Your spell library contained the following spells:

 Spells                   Type           Power      Damage    Failure   Level
 Spider Form              Tmut/Pois      12%        N/A       6%          3
 Apportation              Tloc           2%         N/A       9%          1
 Necrotise                Necr           4%         1d4       9%          1
 Shock                    Conj/Air       4%         1d3       9%          1
 Summon Small Mammal      Summ           4%         N/A       9%          1
 Swiftness                Air            1%         N/A       26%         3
 Airstrike                Air            0%         2d(1-17)  61%         4


Dungeon Overview and Level Annotations

Branches:
Dungeon (6/15)
 Temple: D:4-7

Altars:
Dithmenos
Kikubaaqudgha
Nemelex Xobeh
Ru
Xom
Yredelemnul
Ignis


Innate Abilities, Weirdness & Mutations

You are a creature of crystalline ice.
You have a powerful freezing melee attack.
Your maximum health is increased.
Your armour is entirely melded.
You are incapable of wielding weapons or throwing items.
You are amphibious.
((You cover ground slowly.))
((You can hop short distances.))
You have an extended range of vision and can be seen from far away.


Message History

The sky beast flickers out of sight!
Deactivating autopickup; reactivate with Ctrl-A.
Something hits you but does no damage.
No target in view!
No target in view!
You closely miss something. Something hits you but does no damage.
You hit something. You freeze something. Something hits you but does no damage.
You barely miss something. Something hits you but does no damage.
You hit something. You freeze something. Something hits you.
Something shocks you.
You punch something! You freeze something.
Reactivating autopickup.
You feel a bit more experienced.
An ogre comes into view. It is wielding a +0 giant spiked club.
The ogre shouts!
You hear a shout!
You hear an angry hiss.
An orc wizard comes into view. It is wielding a +0 dagger.
You hear a bark!
You see here a sky beast corpse.
An adder comes into view.
A black bear comes into view.
The orc wizard gestures at you while chanting.
The puff of flame misses you. The puff of flame hits you.
The ogre hits you with a +0 giant spiked club!
You punch the ogre! You freeze the ogre.
The ogre is heavily wounded.
A hound comes into view.
The ogre hits you with a +0 giant spiked club!!
* * * LOW HITPOINT WARNING * * *
The orc wizard attacks as you move away!
The orc wizard completely misses you.
As you read the scroll of teleportation, it crumbles to dust.
You feel strangely unstable.
The orc wizard hits you but does no damage.
The orc wizard attacks as you move away!
The orc wizard hits you but does no damage.
The orc wizard points at you and mumbles some strange words.
You resist with some effort.
A hound comes into view.
The ogre attacks as you move away!
The ogre hits you with a +0 giant spiked club!
You die...

..........
#......##
.........
#......#
.........
#......#
.........
##....##
###..# ##.##
##..# #####
#..##
###...###Y##
###.....##O..#
.........So..#
...###.hh##..#
. #†#h# #.# .#
#...# .# .#
...###....#
#.#. .#..# #.
S# .. .#


You could see a black bear, an ogre, 2 hounds, an orc wizard and an adder.

Vanquished Creatures
  Sigmund (D:2)
  A water moccasin (D:5)
  A sky beast (D:6)
  An ice beast (D:5)
  An ogre (D:5)
  A phantom (D:5)
  2 necrophages
  A howler monkey (D:5)
  4 crimson imps (D:4)
  2 hounds
  An orc priest (D:5)
  7 iguanas
  3 orc wizards
  8 adders
  A white imp (D:6)
  4 worms
  2 dart slugs
  9 orcs
  6 ball pythons
  2 bats
  6 endoplasms
  A giant cockroach (D:2)
  5 goblins
  7 hobgoblins
  3 jackals (D:4)
  7 quokkas
  A frilled lizard (D:3)
  5 kobolds
  6 rats
99 creatures vanquished.

Vanquished Creatures (others)
  16 foxfires (D:6)
16 creatures vanquished.

Grand Total: 115 creatures vanquished

Notes
Turn   | Place    | Note
-------+----------+-------------------------------------------
     0 | D:1      | KennySheep the Barachi Transmuter began the quest for the
                  | Orb.
     0 | D:1      | Reached XP level 1. HP: 15/15 MP: 3/3
   194 | D:1      | Reached skill level 1 in Ice Magic
   443 | D:1      | Reached XP level 2. HP: 11/21 MP: 1/5
   449 | D:1      | Learned a level 2 spell: Wereblood
   797 | D:2      | Reached XP level 3. HP: 21/26 MP: 4/6
   997 | D:2      | Noticed Sigmund
  1011 | D:2      | Killed Sigmund
  1012 | D:2      | Reached XP level 4. HP: 16/32 MP: 7/7
  1012 | D:2      | Reached XP level 5. HP: 18/37 MP: 8/8
  1313 | D:2      | Found a faded altar of an unknown god.
  1331 | D:2      | Prayed at the altar of an unknown god.
  1331 | D:2      | Became a worshipper of Ignis, the Dying Flame
  1765 | D:2      | Learned a level 4 spell: Ice Form
  2015 | D:2      | Reached XP level 6. HP: 31/43 MP: 9/9
  2189 | D:3      | Reached skill level 5 in Transmutations
  3030 | D:4      | Found an ancient bone altar of Kikubaaqudgha.
  3052 | D:4      | Reached skill level 5 in Ice Magic
  3261 | D:4      | Found a basalt altar of Yredelemnul.
  3271 | D:4      | Found a sparkling altar of Nemelex Xobeh.
  3593 | D:4      | Found a shimmering altar of Xom.
  3610 | D:4      | Reached XP level 7. HP: 48/48 MP: 6/10
  4027 | D:5      | Entered Level 5 of the Dungeon
  4112 | D:5      | Found a shadowy altar of Dithmenos.
  4424 | D:5      | Found a sacrificial altar of Ru.
  4488 | D:5      | Reached XP level 8. HP: 20/56 MP: 7/11
  5751 | D:6      | Mangled by an ogre

Illustrated notes

Levels and vault maps discovered:
D:1:      zaba_arrival_water, layout_loops_cross, minmay_misc_feat_more_columns
D:2:      layout_basic, basic_ecumenical_altar, uniq_sigmund
D:3:      layout_loops_ring
D:4:      layout_loops_ring, nemelex_xobeh_ov_fountains_minmay,
          amcnicky_altar_gilded, led_xom_imps, lemuel_round_altar
D:5:      layout_basic, nicolae_ru_awakened_eye,
          grunt_dithmenos_smoke_and_mirrors
D:6:      layout_cave_pods, chequers_serial_rivers_large_b, minmay_starry_boxes

Skill      XL: |  1  2  3  4  5  6  7  8 |
---------------+-------------------------+-----
Ice Magic      | 1 2 4 5 7 |  7.6
Transmutations | 3 4 5 6 7 |  7.4
Fighting       | 2 3 |  3.2
Dodging        | 3 |  3.5
Unarmed Combat | 4 |  4.8
Spellcasting   | |  2.1

Action                   |  1- 3 |  4- 6 |  7- 9 || total
-------------------------+-------+-------+-------++-------
Melee: Unarmed           |    49 |   244 |   155 ||   448
       Headbutt          |     2 |     3 |       ||     5
       Kick              |    11 |    14 |       ||    25
       Punch             |     1 |     8 |     4 ||    13
 Cast: Beastly Appendage |    13 |     8 |       ||    21
       Ice Form          |       |     4 |    13 ||    17
Invok: Fiery Armour      |       |       |     1 ||     1
       Foxfire Swarm     |       |       |     1 ||     1
  Use: Scroll            |       |     4 |     1 ||     5
       Potion            |       |     2 |       ||     2
 Stab: Sleeping          |       |     2 |     1 ||     3
       Distracted        |       |       |     1 ||     1
Armor: Robe              |     6 |    30 |    11 ||    47
       Skin              |       |    12 |    53 ||    65
Dodge: Dodged            |    27 |   126 |    94 ||   247

Table legend: (Time is in decaauts)
 A = Elapsed time spent in this place.
 B = Non-inter-level travel time spent in this place.
 C = Inter-level travel time spent in this place.
 D = Time resting spent in this place.
 E = Time spent auto-exploring this place.
 F = Levels seen in this place.
 G = Mean time per level.
                   A        B        C        D        E       F      G
               +--------+--------+--------+--------+--------+-----+--------+
         Total |   6343 |   6206 |    137 |    334 |   4936 |   6 | 1057.2 |
       Dungeon |   6343 |   6206 |    137 |    334 |   4936 |   6 | 1057.2 |
               +--------+--------+--------+--------+--------+-----+--------+

Top non-repeatable levels by time:
     D:5: 1672 daAuts
     D:2: 1548 daAuts
     D:4: 1095 daAuts
     D:3: 1031 daAuts
     D:1: 803 daAuts
     D:6: 191 daAuts
